 Dungeon Crawl Stone Soup version 0.16.1-4-g8e1b745 (console) character file.

13 gw the Vexing (level 2, -5/22 (23) HPs)
             Began as a Ghoul Arcane Marksman on Mar 27, 2015.
             Slain by a gnoll
             ... wielding a +0 whip
              (6 damage)
             ... on level 1 of the Dungeon.
             The game lasted 00:00:57 (665 turns).

gw the Vexing (Ghoul Arcane Marksman)                Turns: 665, Time: 00:00:57

HP:   -5/22 (23)    AC:  2    Str: 14    XL:     2   Next: 37%
MP:   2/3           EV: 12    Int:  8    God:
Gold: 7             SH:  0    Dex: 10    Spells: 1 memorised, 2 levels left

rFire  . . .     SeeInvis .     (no weapon)
rCold  + . .     Clarity  .     a - +0 robe
rNeg   + + +     SustAb   .     (no shield)
rPois  ∞         Gourm    .     (no helmet)
rElec  .         Spirit   .     (no cloak)
rCorr  .         Warding  .     (no gloves)
rMut   .         Stasis   .     (no boots)
MR     .....                    (no amulet)
Stlth  +.........               (no ring)
                                g - +2 ring of dexterity

@: rotting, not resistant to hostile enchantments, very unstealthy
A: rotting body, claws 1, carnivore 3, cold resistance 1, negative energy
resistance 3, poison resistance, slow healing 1, torment resistance, unbreathing
a: no special abilities


You were on level 1 of the Dungeon.
You were not hungry.

You visited 1 branch of the dungeon, and saw 1 of its levels.

You collected 7 gold pieces.

Inventory:

Hand weapons
 b - a +0 hand crossbow
Missiles
 c - 17 bolts
Armour
 a - a +0 robe (worn)
Jewellery
 g - a +2 ring of dexterity (left claw)
Scrolls
 h - a scroll of magic mapping {unknown}
Potions
 e - 2 potions of might {unknown}
 i - a potion of brilliance {unknown}
Books
 d - a book of Debilitation

   Spells                             Type                      Level
   a - Corona                         Hexes                        1
   b - Slow                           Hexes                        2
   c - Inner Flame                    Hexes/Fire                   3
   d - Enslavement                    Hexes                        4
   e - Cause Fear                     Hexes                        4
   f - Leda's Liquefaction            Hexes/Earth                  4
Comestibles
 f - a slice of pizza


   Skills:
 + Level 1.2 Fighting
 + Level 2.0 Crossbows
 + Level 0.5 Armour
 - Level 1.7 Dodging
 + Level 0.2 Unarmed Combat
 * Level 1.2 Spellcasting
 + Level 2.5 Hexes


You had 2 spell levels left.
You knew the following spells:

 Your Spells              Type           Power        Failure   Level  Hunger
a - Corona                Hex            #......      17%         1    ##.....


Dungeon Overview and Level Annotations

Branches:
Dungeon (1/15)

Altars:


Innate Abilities, Weirdness & Mutations

Your body is rotting away.
You thrive on raw meat.
You have sharp fingernails.
You are carnivorous and can eat meat at any time.
Your flesh is cold resistant.
You are immune to negative energy.
Your system is resistant to poisons.
You heal slowly when monsters are visible.
You are immune to unholy pain and torment.
You can survive without breathing.


Message History

Unknown command.
MOVING TO (-5,0) Unknown command.
Unknown command.
Unknown command.
MOVING TO (-4,0) Unknown command.
Unknown command.
Unknown command.
MOVING TO (-3,0) Unknown command.
Unknown command.
Unknown command.
Casting: Corona
Confirm with . or Enter, or press ? or * to list all spells.
Aiming: Corona
Press: ? - help, Shift-Dir - straight line, f/p - gnoll
Aim: a gnoll, wielding a whip (moderately wounded, chance 47%)
The gnoll is outlined in light.
The gnoll hits you with a whip.
You die...

##. ... #.. # #.# ##
#.### ##. # #.#.## ##..
.....#########....####...
...[!...ng...........'...
....##########....####...
#.#.## ##.. #.### ##. #.#
## +# #.# # .# #.# #.###
.# #.. #.... .## ###
#.###


You could see a gnoll.

Table legend:
 A = Turns spent in this place as a percentage of turns spent in the entire game.
 B = Non-inter-level travel turns spent in this place as a percentage of non-inter-level travel turns spent in the entire game.
 C = Inter-level travel turns spent in this place as a percentage of turns spent in this place.
 D = Turns resting spent in this place as a percentage of non-inter-level travel turns spent in this place.
 E = Turns spent auto-exploring this place as a percentage of non-inter-level travel turns spent in this place.
 F = Non-inter-level travel turns spent in this place divided by the number of levels of this place that you've seen.
                   A       B       C       D       E      F
               +-------+-------+-------+-------+-------+----------------------
         Total | 100.0 | 100.0 |   0.9 |   1.8 |   1.8 | 1257.0
       Dungeon | 100.0 | 100.0 |   0.9 |   1.8 |   1.8 | 1257.0
               +-------+-------+-------+-------+-------+----------------------

Table legend:
 A = Kills in this place as a percentage of kills in entire the game.
 B = Kills by you in this place as a percentage of kills by you in the entire game.
 C = Kills by friends in this place as a percentage of kills by friends in the entire game.
 D = Other kills in this place as a percentage of other kills in the entire game.
 E = Experience gained in this place as a percentage of experience gained in the entire game.
 F = Experience gained in this place divided by the number of levels of this place that you have seen.
                   A       B       C       D       E      F
               +-------+-------+-------+-------+-------+----------------------
         Total | 100.0 | 100.0 |  -nan |  -nan | 100.0 |  19.0
       Dungeon | 100.0 | 100.0 |  -nan |  -nan | 100.0 |  19.0
               +-------+-------+-------+-------+-------+----------------------

Vanquished Creatures
  A giant gecko (D:1)
  A goblin (D:1)
  2 jackals (D:1)
  A ball python (D:1)
  A bat (D:1)
  2 giant cockroaches (D:1)
  3 giant newts (D:1)
  2 rats (D:1)
13 creatures vanquished.

Notes
Turn   | Place    | Note
--------------------------------------------------------------
     0 | D:1      | gw, the Ghoul Arcane Marksman, began the quest for the Orb.
     0 | D:1      | Reached XP level 1. HP: 16/16 MP: 2/2
   237 | D:1      | Reached XP level 2. HP: 23/23 MP: 1/3
   656 | D:1      | HP: 1/22 [gnoll/whip (5)]
   665 | D:1      | Slain by a gnoll

Action                   || total
-------------------------++-------
Melee: Unarmed           ||    23
 Fire: Hand crossbow     ||    15
 Cast: Corona            ||    19
  Eat: Chunk             ||     8

Vault maps used:
D:1:      dpeg_arrival_orchard, nrook_mini_vaults, ashenzari_altar_1
